 Dungeon Crawl Stone Soup version 0.29.1-13-g9f3cf754e1 (webtiles) character file.

Game seed: 8403237796320366133

19 Thatpatchoflichen the Slasher (level 3, 0/21 (33) HPs)
             Began as a Meteoran Monk on Jan 28, 2023.
             Succumbed to an adder's poison
             ... on level 2 of the Dungeon.
             The game lasted 00:02:45 (738 turns).

Thatpatchoflichen the Slasher (Meteoran Monk)        Turns: 738, Time: 00:02:46

HP:   0/21 (33)     AC:  2    Str: 15    XL:     3   Next: 11%
MP:   4/4           EV: 13    Int: 11    God:
Gold: 30            SH:  0    Dex: 16    Spells: 2/2 levels left

rFire   . . .      SeeInvis .   a - +0 falchion
rCold   . . .      Faith    .   (no shield)
rNeg    . . .      Spirit   .   b - +0 robe
rPois   .          Reflect  .   (no helmet)
rElec   .          Harm     .   (no cloak)
rCorr   .          Rampage  .   (no gloves)
Will    .....                   (no boots)
Stlth   +.........              (no amulet)
HPRegen 0.07/turn               (no ring)
MPRegen 0.09/turn               (no ring)

@: lethally poisoned (0 -> -8), glowing, very heavily drained
A: sense surroundings 1, otherworldly, glowing, explore regen
a: no special abilities


You were on level 2 of the Dungeon.
You visited 1 branch of the dungeon, and saw 2 of its levels.

You collected 30 gold pieces.

Inventory:

Hand Weapons
 a - a +0 falchion (weapon)
Missiles
 f - 2 poisoned darts (quivered)
 i - 3 boomerangs of dispersal
Armour
 b - a +0 robe (worn)
Scrolls
 e - 2 scrolls of vulnerability {unknown}
 h - a scroll of teleportation {unknown}
 j - a scroll of poison {unknown}
 k - a scroll of amnesia {unknown}
Potions
 c - a potion of ambrosia
 d - 2 potions of curing {unknown}
 g - a potion of heal wounds {unknown}


   Skills:
 + Level 3.6 Fighting
 + Level 4.0 Long Blades
 + Level 4.0 Dodging
 - Level 1.4 Stealth


You had 2 spell levels left.
You didn't know any spells.
Your spell library was empty.

Dungeon Overview and Level Annotations

Branches:
Dungeon (2/15) Zot: 657

Altars:

Shops:
D:2 [


Innate Abilities, Weirdness & Mutations

You passively map a small area around you.
You are easily found by Zot.
You glow in the dark.
You regain HP and MP as you explore.


Message History

An adder is nearby!
You miss the adder.
The adder is moderately wounded.
You feel sick. The adder closely misses you.
The adder attacks as you move away! The adder bites you.
A worm comes into view.
You feel sick. The adder barely misses you.
You feel sick. The adder bites you. The adder attacks as you move away!
The adder barely misses you.
You feel sick.
You feel sick. The adder closely misses you. The adder barely misses you.
You feel sick.
You are no longer poisoned.
The adder attacks as you move away! The adder bites you.
You miss the adder.
The adder is moderately wounded.
The adder bites you. The adder closely misses you. The adder barely misses you.
The adder bites you.
* * * LOW HITPOINT WARNING * * *
The adder bites you.
* * * LOW HITPOINT WARNING * * *
The adder closely misses you. The worm misses you.
The adder attacks as you move away! The adder closely misses you.
The worm closely misses you. The adder bites you.
* * * LOW HITPOINT WARNING * * *
You are lethally poisoned!
The adder poisons you! The worm bites you.
* * * LOW HITPOINT WARNING * * *
The adder bites you.
* * * LOW HITPOINT WARNING * * *
You are more poisoned.
The adder poisons you!
Unknown command.
Unknown command.
The adder attacks as you move away! The adder completely misses you.
* * * LOW HITPOINT WARNING * * *
You feel sick.
You die...

,......# * * #.....+
, *,** , +.....# * ,
,, * #.....# ,* # *
, #.....# ##+#+##.#
#.....# #.......#
#.....######.......#
#....@.............#
###...Sw......#* ,
#...........# ..
#......?....###....
#.............?.#
#...∩.......###.# ,
#...........# *,
###########.# * #.#
*


You could see a worm and an adder.

Vanquished Creatures
  A dart slug (D:1)
  A ball python (D:1)
  A bat (D:1)
  An endoplasm (D:2)
  3 hobgoblins (D:1)
  3 kobolds (D:1)
  2 quokkas (D:1)
  A frilled lizard (D:1)
  A goblin (D:1)
  A rat (D:1)
15 creatures vanquished.

Notes
Turn   | Place    | Note
-------+----------+-------------------------------------------
     0 | D:1      | Thatpatchoflichen the Meteoran Monk began the quest for the
                  | Orb.
     0 | D:1      | Reached XP level 1. HP: 19/19 MP: 2/2
   132 | D:1      | Reached XP level 2. HP: 26/26 MP: 3/3
   360 | D:1      | Found a faded altar of an unknown god.
   486 | D:1      | Reached XP level 3. HP: 24/31 MP: 4/4
   495 | D:1      | Glimpsed the power of Zot.
   545 | D:1      | Glimpsed the power of Zot.
   585 | D:1      | Glimpsed the power of Zot.
   595 | D:1      | Touched by the power of Zot.
   706 | D:2      | Found Naryer Riekk's Antique Armour Shop.
   738 | D:2      | Succumbed to an adder's poison

Illustrated notes

Levels and vault maps discovered:
D:1:      dpeg_arrival_round_c, layout_basic,
          dreamdust_ecumenical_altar_angels_and_demons, grunt_decor_junction
D:2:      cheibrodos_greedy_goblins, layout_basic, serial_shops, shop

Skill      XL: |  1  2 |
---------------+-------+-----
Long Blades    | 4 |  4.0
Dodging        | 4 |  4.0
Fighting       | |  3.6
Stealth        | |  1.4

Action                   || total
-------------------------++-------
Melee: Falchion          ||    53
       Punch             ||     3
Armor: Robe              ||     9
Dodge: Dodged            ||    38
